 Dungeon Crawl Stone Soup version 0.25-a0-510-ge065f6de7d (webtiles) character file.

Game seed: 12068536052228741956, levelgen mode: deterministic

5357 Gargoyl the Chopper (level 10, -9/83 HPs)
             Began as a Centaur Abyssal Knight on Feb 14, 2020.
             Was a High Priest of Lugonu.
             Mangled by a spiny frog (14 damage)
             ... on level 1 of the Lair of Beasts on Feb 15, 2020.
             The game lasted 00:17:10 (13747 turns).

Gargoyl the Chopper (Centaur Abyssal Knight)       Turns: 13747, Time: 00:17:11

Health: -9/83      AC: 15    Str: 17    XL:     10   Next: 39%
Magic:  14/14      EV:  4    Int: 11    God:    Lugonu [*****.]
Gold:   479        SH:  3    Dex: 10    Spells: 9/9 levels left

rFire    . . .     SeeInvis .   a - +2 hand axe
rCold    + . .     Gourm    .   e - +0 buckler
rNeg     . . .     Faith    .   v - +2 plate armour {rC+}
rPois    .         Spirit   .   q - +0 helmet
rElec    .         Reflect  .   y - +0 cloak
rCorr    .         Harm     .   (no gloves)
MR       .....                  (no barding)
Stlth    ..........             (no amulet)
HPRegen  0.23/turn              (no ring)
MPRegen  0.14/turn              (no ring)

@: lethally poisoned (-9 -> -23), very quick
A: large, hooves 3, deformed body, speed 2, tough skin 3
a: Depart the Abyss, Bend Space, Banish, Corrupt, Enter the Abyss, Renounce
Religion


You were on level 1 of the Lair of Beasts.
You worshipped Lugonu.
Lugonu was extremely pleased with you.
You were not hungry.

You visited 2 branches of the dungeon, and saw 9 of its levels.
You visited the Abyss 1 time.
You also visited: Sewer.

You collected 479 gold pieces.

Inventory:

Hand Weapons
 a - a +2 hand axe (weapon)
 g - the +3 mace of True Grit {venom, rF+ rC+ Dex+3}
   (You found it on level 8 of the Dungeon)

   It poisons the flesh of those it strikes.
   It affects your dexterity (+3).
   It protects you from fire.
   It protects you from cold.
Missiles
 u - 18 boomerangs (quivered)
Armour
 e - a +0 buckler (worn)
 q - a +0 helmet (worn)
 v - a +2 plate armour of cold resistance (worn)
 y - a +0 cloak (worn)
 C - +0 ice dragon scales
Wands
 j - a wand of polymorph (16)
 r - a wand of flame (23)
 t - a wand of digging (2)
 w - a wand of iceblast (12)
 A - a wand of acid (21)
 B - a wand of random effects (24)
Scrolls
 b - 3 scrolls of fear
 f - 7 scrolls of remove curse
 h - 8 scrolls of teleportation
 l - 4 scrolls of magic mapping
 m - 2 scrolls of fog
 s - 2 scrolls of identify
 x - a scroll of blinking
Potions
 d - 6 potions of curing
 i - a potion of might
 k - a potion of heal wounds
 o - 2 potions of magic
 p - 2 potions of cancellation
 z - 3 potions of ambrosia
 D - a potion of brilliance
Comestibles
 c - 18 rations


   Skills:
 + Level 5.8 Fighting
 + Level 7.1(7.2) Axes
 + Level 1.2(4.6) Maces & Flails
 + Level 0.9 Throwing
 * Level 6.9 Armour
 * Level 4.7 Dodging
 + Level 1.3 Shields
 * Level 6.4 Invocations
 + Level 0.4 Evocations


You had 9 spell levels left.
You didn't know any spells.
Your spell library contained the following spells:

 Spells                   Type           Power        Failure   Level  Hunger
 Animate Skeleton         Necr           N/A          100%        1    ##.....
 Infusion                 Chrm           #...         100%        1    ##.....
 Pain                     Necr           #...         100%        1    ##.....
 Shock                    Conj/Air       #...         100%        1    ##.....
 Shroud of Golubria       Chrm/Tloc      #.....       100%        2    ###....
 Song of Slaying          Chrm           #.......     100%        2    ###....
 Swiftness                Chrm/Air       #.......     100%        2    ###....
 Ozocubu's Armour         Chrm/Ice       #.......     100%        3    ####...
 Spectral Weapon          Hex/Chrm       #.......     100%        3    ####...
 Static Discharge         Conj/Air       #.......     100%        3    ####...
 Vampiric Draining        Necr           #.........   100%        3    ####...
 Airstrike                Air            #.........   100%        4    #####..
 Animate Dead             Necr           N/A          100%        4    #####..
 Agony                    Necr           #.......     100%        5    ######.
 Lightning Bolt           Conj/Air       #.........   100%        5    ######.


Dungeon Overview and Level Annotations

Branches:
Dungeon (8/15)             Temple (0/1) D:5            Lair (1/6) D:8
  Sewer (visited)

Altars:
Ashenzari
Gozag
Nemelex Xobeh
Ru
Sif Muna
Trog
Vehumet
Xom
The Shining One

Annotations:
D:7 Menkaure


Innate Abilities, Weirdness & Mutations

You have hooves in place of feet.
Armour fits poorly on your strangely shaped body.
You cover ground very quickly.
You have extremely tough skin. (AC +3)


Message History

Your kick misses the spiny frog.
The spiny frog is almost dead.
* * * LOW HITPOINT WARNING * * *
You feel sick.
The spiny frog stings you but does no damage.
You hit the spiny frog.
The spiny frog is almost dead.
* * * LOW HITPOINT WARNING * * *
You feel sick. The spiny frog barely misses you.
You closely miss the spiny frog.
The spiny frog is almost dead.
* * * LOW HITPOINT WARNING * * *
You feel sick.
The spiny frog stings you but does no damage.
You hit the spiny frog but do no damage.
You kick the spiny frog, but do no damage.
The spiny frog is almost dead.
* * * LOW HITPOINT WARNING * * *
You feel sick. The spiny frog stings you!
You die...

.. ....#. ####.#
......
..#.P...##......
................
................
.^.............
..........F........
#....###.##@##
#....#.......#
#....#.......# ...#
#....#.......# ...
#....#.......# ..
#....#.......# .
#....'.......#
#....#.......#
######....#.......#


You could see a spiny frog.

Vanquished Creatures
  A black mamba (Lair:1)
  A spiny frog (Lair:1)
  Maggie (D:7)
  A spriggan (D:7)
  2 porcupines (Lair:1)
  2 orc warriors
  2 ice beasts
  2 phantoms
  A sky beast (D:7)
  4 wolves (Lair:1)
  2 ogres
  2 centaurs
  8 bullfrogs
  A scorpion (D:7)
  5 wights (D:5)
  5 killer bees (D:7)
  3 howler monkeys
  4 crimson imps
  A centaur zombie (D:7)
  A jelly (D:8)
  4 quasits (D:8)
  7 hounds
  4 orc priests
  A centaur skeleton (D:6)
  2 iguanas
  10 orc wizards
  5 worker ants
  A worker ant zombie (D:5)
  5 river rats
  28 adders
  A shadow imp (D:6)
  An adder skeleton (D:7)
  3 worms (D:2)
  7 leopard geckos
  31 orcs
  3 giant cockroaches
  7 goblins
  4 hobgoblins
  11 jackals
  5 kobolds
  6 quokkas
  11 ball pythons
  3 bats
  9 frilled lizards
  A leopard gecko skeleton (D:5)
  A quokka skeleton (D:5)
  33 rats
  2 plants (D:2)
255 creatures vanquished.

Vanquished Creatures (others)
  A komodo dragon (Lair:1)
  An orc warrior (D:8)
  A fungus (D:8)
  3 plants
6 creatures vanquished.

Grand Total: 261 creatures vanquished

Notes
Turn   | Place    | Note
-------+----------+-------------------------------------------
     0 | Abyss:1  | Gargoyl the Centaur Abyssal Knight began the quest for the
                  | Orb.
     0 | Abyss:1  | Reached XP level 1. HP: 19/19 MP: 2/2
    63 | Abyss:1  | Noticed a large abomination
    77 | Abyss:1  | Noticed a large abomination
    83 | Abyss:2  | Noticed a crimson imp
    83 | Abyss:2  | Noticed a crimson imp
    83 | Abyss:2  | Noticed a crimson imp
    84 | Abyss:2  | Noticed a tentacled starspawn
    84 | Abyss:2  | Noticed a crimson imp
    84 | Abyss:2  | Noticed a crimson imp
    85 | Abyss:2  | Noticed a crimson imp
    89 | Abyss:2  | Killed a crimson imp
    89 | Abyss:2  | Reached skill level 2 in Axes
    89 | Abyss:2  | Reached XP level 2. HP: 20/26 MP: 3/3
    90 | D:1      | Escaped the Abyss
   588 | D:1      | Reached * piety under Lugonu
   588 | D:1      | Reached XP level 3. HP: 31/31 MP: 4/4
   928 | D:2      | Reached skill level 1 in Dodging
  1308 | D:2      | Reached XP level 4. HP: 37/40 MP: 6/6
  1861 | D:2      | Found a faded altar of an unknown god.
  1986 | D:2      | Reached ** piety under Lugonu
  2384 | D:3      | Reached XP level 5. HP: 46/46 MP: 7/7
  3026 | D:3      | Found a glowing drain.
  3033 | Sewer    | Entered a sewer
  3148 | Sewer    | Reached skill level 3 in Axes
  3169 | Sewer    | Reached *** piety under Lugonu
  3434 | Sewer    | Reached XP level 6. HP: 36/52 MP: 8/8
  4230 | D:3      | Reached XP level 7. HP: 33/59 MP: 9/9
  4729 | D:4      | Found a radiant altar of Vehumet.
  5017 | D:4      | Reached skill level 4 in Axes
  5019 | D:4      | Reached **** piety under Lugonu
  5152 | D:4      | Found a shimmering blue altar of Sif Muna.
  6049 | D:5      | Entered Level 5 of the Dungeon
  6139 | D:5      | Found a glowing golden altar of the Shining One.
  6811 | D:6      | Reached XP level 8. HP: 44/67 MP: 11/11
  7426 | D:6      | Found a shimmering altar of Xom.
  7426 | D:6      | Found a bloodstained altar of Trog.
  7428 | D:6      | Found a shattered altar of Ashenzari.
  7567 | D:6      | Reached ***** piety under Lugonu
  7776 | D:6      | Found a sparkling altar of Nemelex Xobeh.
  7854 | D:5      | Reached skill level 5 in Axes
  8127 | D:5      | Found a staircase to the Ecumenical Temple.
  8202 | D:5      | Reached skill level 5 in Armour
  8204 | D:5      | Reached skill level 5 in Fighting
  8836 | D:7      | Reached skill level 5 in Invocations
  8836 | D:7      | Reached XP level 9. HP: 31/74 MP: 12/12
  9296 | D:8      | Found a glowing golden altar of the Shining One.
  9296 | D:8      | Found an opulent altar of Gozag.
  9310 | D:8      | Reached skill level 6 in Axes
 10123 | D:7      | Noticed Menkaure
 10516 | D:7      | Noticed Maggie
 10541 | D:7      | Killed Maggie
 11458 | D:8      | Found a staircase to the Lair.
 11710 | D:8      | Found a sacrificial altar of Ru.
 12086 | D:8      | Reached XP level 10. HP: 71/83 MP: 14/14
 12114 | D:8      | Got a pitted mace
 12115 | D:8      | Identified the +3 mace of True Grit {venom, rF+ rC+ Dex+3}
                  | (You found it on level 8 of the Dungeon)
 12148 | D:8      | Upgraded the game from 0.25-a0-504-g768f60da87 to
                  | 0.25-a0-510-ge065f6de7d
 12170 | Lair:1   | Entered Level 1 of the Lair of Beasts
 12209 | Lair:1   | Reached skill level 7 in Axes
 12234 | Lair:1   | Noticed a black mamba
 12245 | Lair:1   | HP: 2/83 [black mamba (5)]
 12249 | Lair:1   | Killed a black mamba
 12580 | Lair:1   | Noticed a spiny frog
 12604 | Lair:1   | Killed a spiny frog
 12619 | D:8      | Reached skill level 1 in Maces & Flails
 12976 | Lair:1   | Reached skill level 1 in Shields
 13732 | Lair:1   | Noticed a spiny frog
 13747 | Lair:1   | Mangled by a spiny frog

Levels and vault maps discovered:
D:1:      lemuel_arrival_river_ford, layout_rooms, palyth_stone_intersect,
          minmay_strange_pillars, minmay_misc_feat_four_crosses
D:2:      layout_loops_ring, serial_bayou, serial_bayou_pond_c,
          serial_bayou_lagoon_a, serial_bayou_pond_d, serial_bayou_pond_d,
          serial_bayou_pond_e, chequers_ecumenical_altar_simple, minmay_unequal
D:3:      layout_loops_ring, gup_sewer_entry_bubbles
D:4:      minmay_chambers_of_twos, layout_loops_ring, vehumet_altar_wand_db,
          lemuel_crystal_altar, first_ration
D:5:      layout_gridville, minmay_temple_entry_statues_fountains,
          tso_metal_star
D:6:      layout_rooms, gammafunk_temple_overflow_forgotten, basic_altar,
          kennysheep_generic_room_14
D:7:      layout_loops_cross, the_bakery, uniq_menkaure, uniq_maggie
D:8:      cheibrodos_quashed, layout_basic, nicolae_overflow_hidden_temple,
          chequers_temple_overflow_statue_of_worship, dpeg_oklobed_lair
Lair:1:   layout_regular_city, grunt_megastairs_2

Skill      XL: |  1  2  3  4  5  6  7  8  9 10 |
---------------+-------------------------------+-----
Axes           | 2 3 4 5 6 7 |  7.1
Dodging        | 1 2 3 4 |  4.7
Armour         | 2 3 4 5 6 |  6.9
Invocations    | 3 4 5 6 |  6.4
Fighting       | 4 5 |  5.8
Maces & Flails | 1 |  1.2
Shields        | 1 |  1.3
Throwing       | |  0.9
Evocations     | |  0.4

Action                   |  1- 3 |  4- 6 |  7- 9 | 10-12 || total
-------------------------+-------+-------+-------+-------++-------
Melee: Hand axe          |   101 |   262 |   641 |    76 ||  1080
       Kick              |    13 |    52 |   150 |    22 ||   237
       Mace              |       |       |       |    38 ||    38
Throw: Boomerang         |       |       |    14 |     1 ||    15
Invok: Depart the Abyss  |     1 |       |       |       ||     1
       Bend Space        |       |     1 |       |       ||     1
       Banish            |       |       |     1 |     2 ||     3
Evoke: Wand              |       |       |     7 |       ||     7
  Use: Scroll            |     4 |     3 |     8 |       ||    15
       Potion            |     1 |     8 |     8 |     3 ||    20
 Stab: Invisible         |       |       |    12 |       ||    12
  Eat: Chunk             |     1 |     8 |    15 |     4 ||    28
       Ration            |       |       |     2 |     1 ||     3
Armor: Leather armour    |    11 |       |       |       ||    11
       Plate armour      |   135 |   258 |   619 |   103 ||  1115
       Skin              |       |    87 |    39 |       ||   126
Dodge: Dodged            |    18 |    51 |   205 |    24 ||   298
Block: Buckler           |       |       |    14 |    29 ||    43

Table legend:
 A = Non-vault XP
 B = Vault XP
 C = Vault XP percentage of total XP
 D = Non-vault monster count
 E = Vault monster count
 F = Vault count percentage of total count
                 A         B        C        D         E       F
            +---------+---------+-------+---------+---------+-------
      Total |    6326 |    1328 |  17.4 |     184 |      71 |  27.8
            +---------+---------+-------+---------+---------+-------
        D:1 |      25 |       0 |   0.0 |      16 |       0 |   0.0
        D:2 |     112 |      20 |  15.2 |      27 |       3 |  10.0
        D:3 |     143 |      58 |  28.9 |      24 |       6 |  20.0
        D:4 |     206 |     112 |  35.2 |      13 |       7 |  35.0
        D:5 |     826 |       0 |   0.0 |      17 |       0 |   0.0
        D:6 |     709 |       0 |   0.0 |      22 |       0 |   0.0
        D:7 |    1324 |     580 |  30.5 |      30 |       2 |   6.2
        D:8 |    1080 |     181 |  14.4 |      25 |       4 |  13.8
     Lair:1 |    1901 |       0 |   0.0 |      10 |       0 |   0.0
    Abyss:2 |       0 |      24 | 100.0 |       0 |       1 | 100.0
      Sewer |       0 |     353 | 100.0 |       0 |      48 | 100.0
            +---------+---------+-------+---------+---------+-------
